 Dungeon Crawl Stone Soup version 0.27-a0-59-gfbafd837a3 (webtiles) character file.

Game seed: 8284192399215717712

150 Borgoz the Cudgeller (level 5, -6/32 HPs)
             Began as a Gargoyle Gladiator on Jan 8, 2021.
             Mangled by emiel's ghost (12 damage)
             ... on level 3 of the Dungeon.
             The game lasted 00:03:38 (2624 turns).

Borgoz the Cudgeller (Gargoyle Gladiator)           Turns: 2624, Time: 00:03:39

Health: -6/32      AC: 10    Str: 17    XL:     5   Next: 32%
Magic:  0/5        EV: 12    Int:  9    God:
Gold:   242        SH:  0    Dex: 12    Spells: 4/4 levels left

rFire    . . .     SeeInvis +   a - +0 flail
rCold    . . .     Faith    .   (no shield)
rNeg     + . .     Spirit   +   s - +0 ring mail
rPois    ∞         Reflect  .   c - +0 helmet
rElec    +         Harm     .   (no cloak)
rCorr    +         Rampage  .   (no gloves)
Will     .....                  (no boots)
Stlth    +.........             j - amulet of guardian spirit
HPRegen  0.10/turn              i - ring of resist corrosion
MPRegen  0.09/turn              k - ring of see invisible

@: mighty
A: negative energy resistance 1, electricity resistance, unbreathing,
petrification resistance, miasma immunity, AC +4
a: no special abilities


You were on level 3 of the Dungeon.
You visited 1 branch of the dungeon, and saw 3 of its levels.

You collected 242 gold pieces.

Inventory:

Hand Weapons
 a - a +0 flail (weapon)
Missiles
 d - 3 throwing nets (quivered)
Armour
 c - a +0 helmet (worn)
 s - a +0 ring mail (worn)
Jewellery
 i - a ring of resist corrosion (left hand)
 j - an amulet of guardian spirit (around neck)
 k - a ring of see invisible (right hand)
Scrolls
 e - 2 scrolls of blinking {unknown}
 f - 2 scrolls of enchant armour
 h - 2 scrolls of remove curse
 l - 2 scrolls of fear {unknown}
 m - a scroll of fog {unknown}
 n - a scroll of enchant weapon {unknown}
 o - a scroll of immolation {unknown}
 r - a scroll of teleportation {unknown}
Potions
 p - a potion of lignification {unknown}


   Skills:
 + Level 3.4 Fighting
 + Level 3.9 Maces & Flails
 + Level 2.8 Throwing
 + Level 3.1 Dodging


You had 4 spell levels left.
You didn't know any spells.
Your spell library was empty.

Dungeon Overview and Level Annotations

Branches:
Dungeon (3/15)

Altars:
Okawaru
Sif Muna
Trog
Vehumet
Wu Jian
The Shining One

Annotations:
D:3 emiel's ghost, amateur MiFi


Innate Abilities, Weirdness & Mutations

You are resistant to torment.
Your stone body is resilient. (AC +4)
You are immune to poison.
You resist negative energy. (rN+)
You are resistant to electric shocks. (rElec)
You can survive without breathing.
You are immune to petrification.
You are immune to miasma.


Message History

The adder bites you but does no damage.
You feel better. Emiel's ghost hits you.
* * * LOW HITPOINT WARNING * * *
The adder closely misses you.
You feel better. The adder bites you but does no damage.
Emiel's ghost closely misses you.
You sock the adder!
You kill the adder!
Emiel's ghost hits you!
It was a potion of might.
You feel very mighty all of a sudden. Emiel's ghost hits you.
* * * LOW HITPOINT WARNING * * *
You hit emiel's ghost.
Emiel's ghost is moderately damaged.
Emiel's ghost hits you but does no damage.
You sock emiel's ghost!
Emiel's ghost is heavily damaged.
Emiel's ghost hits you!
You die...

#.##.##.##..##..#..#####.#†.#
#.##.##.#...##..............#
#.##...............#####.#.######
#.#####.#...##..#..# #.........
#.####......##.#...# ###......#
#.##..........###..# ####...#
#.#.....(..###...#.# ##.##
#.......########.#.# #.#
###.....#≈/≈≈≈≈W@..# #.#
#.....########.### #.# #........#
##..# #.# ###....÷>..####.## #.#
.#..##...#...)..# #.#
.#.###.#...####.# #.#
.#.###.##.## #.# ###.##
..........# #.# #.(...
##.###..### #.## ###.#.#.


You could see emiel's ghost.

Vanquished Creatures
  7 adders
  2 oozes
  2 worms (D:2)
  3 leopard geckos
  An orc (D:3)
  3 ball pythons
  3 giant cockroaches
  5 goblins
  9 hobgoblins
  6 jackals
  12 kobolds
  A quokka (D:3)
  5 bats
  2 frilled lizards (D:1)
  7 rats
68 creatures vanquished.

Vanquished Creatures (others)
  A leopard gecko (D:2)
  A bat (D:2)
2 creatures vanquished.

Grand Total: 70 creatures vanquished

Notes
Turn   | Place    | Note
-------+----------+-------------------------------------------
     0 | D:1      | Borgoz the Gargoyle Gladiator began the quest for the Orb.
     0 | D:1      | Reached XP level 1. HP: 12/12 MP: 1/1
   183 | D:1      | Reached XP level 2. HP: 14/18 MP: 2/2
   429 | D:1      | Reached XP level 3. HP: 22/22 MP: 3/3
   857 | D:2      | Reached XP level 4. HP: 5/27 MP: 4/4
  1138 | D:2      | Found a bloodstained altar of Trog.
  1280 | D:2      | Found an iron altar of Okawaru.
  1355 | D:2      | Found a radiant altar of Vehumet.
  1650 | D:2      | Found a glowing golden altar of the Shining One.
  1948 | D:3      | Found a shimmering blue altar of Sif Muna.
  2278 | D:3      | Reached XP level 5. HP: 32/32 MP: 5/5
  2279 | D:3      | Found a runed translucent door.
  2281 | D:3      | Noticed emiel's ghost (amateur MiFi)
  2553 | D:3      | Found an ornate altar of the Wu Jian Council.
  2624 | D:3      | Mangled by emiel's ghost

Illustrated notes

Levels and vault maps discovered:
D:1:      grunt_arrival_lava_bath, layout_basic, minmay_misc_feat_rugged
D:2:      layout_basic, minitemple, nicolae_tso_swordbearing_angel,
          fiery_altar_vehumet, chequers_serial_rivers_micro_e
D:3:      layout_loops_ring, marbit_many_paths, lemuel_doored_altar,
          ebering_ghost_sewer_d, chequers_jeans

Skill      XL: |  1  2  3  4 |
---------------+-------------+-----
Throwing       | 2 |  2.8
Fighting       | 3 |  3.4
Dodging        | 3 |  3.1
Maces & Flails | |  3.9

Action                   |  1- 3 |  4- 6 || total
-------------------------+-------+-------++-------
Melee: Flail             |   100 |   138 ||   238
  Use: Potion            |     1 |     4 ||     5
       Scroll            |       |     3 ||     3
 Stab: Sleeping          |     1 |     2 ||     3
Armor: Leather armour    |    45 |    52 ||    97
       Ring mail         |       |    16 ||    16
Dodge: Dodged            |    64 |   103 ||   167

Table legend: (Time is in decaauts)
 A = Elapsed time spent in this place.
 B = Non-inter-level travel time spent in this place.
 C = Inter-level travel time spent in this place.
 D = Time resting spent in this place.
 E = Time spent auto-exploring this place.
 F = Levels seen in this place.
 G = Mean time per level.
                   A        B        C        D        E       F      G
               +--------+--------+--------+--------+--------+-----+--------+
         Total |   2676 |   2639 |     37 |    344 |   1722 |   3 |  892.0 |
       Dungeon |   2676 |   2639 |     37 |    344 |   1722 |   3 |  892.0 |
               +--------+--------+--------+--------+--------+-----+--------+

Top non-repeatable levels by time:
     D:2: 1015 daAuts
     D:1: 831 daAuts
     D:3: 829 daAuts
